Map: Orbital Shipyard

Players

Miltreta

  • Race: Terran Terran
  • League: Bronze

WeaponXV - Winner!

  • Race: Terran Terran

VOD

Have the link to the VOD?

Description

Time

  • Played on: March 17, 2016, 8:50 p.m.
  • Length: 10:53
Show
View Real Time Build Order
Export as new Build Order

Miltreta Terran 

Build Orders:  

Get SALT Encoding   

  12  0:00  SCV  
  13  0:17  Supply Depot  
  13  0:18  SCV  
  14  0:26  Refinery  
  14  0:34  SCV  
  15  0:47  Barracks  
  15  0:53  SCV  
  16  1:05  SCV  
  17  1:15  Supply Depot  
  17  1:19  SCV  
  18  1:45  Refinery  
  18  1:52  SCV  
  19  1:59  Barracks Reactor  
  18  2:03  Factory  
  18  2:05  SCV  
  19  2:18  Refinery  
  19  2:20  SCV  
  20  2:33  Orbital Command  
  20  2:41  Barracks  
  20  2:42  Reaper  
  21  2:44  Barracks  
  21  2:45  Barracks, Reaper  
  22  3:12  SCV  
  23  3:29  Barracks Tech Lab  
  23  3:34  Barracks Tech Lab  
  23  3:36  Barracks Reactor, Barracks Tech Lab  
  23  3:45  Supply Depot  
  23  3:47  Supply Depot  
  23  3:53  Hellion x2  
  26  4:28  Marine  
  26  4:29  Marine  
  26  4:30  Marauder  
  26  4:31  Marauder x2  
  32  4:33  Hellion x2  
  38  4:45  SCV  
  39  4:54  Marine x2, Starport  
  39  4:55  Starport  
  39  4:58  Marauder x2  
  38  5:31  Engineering Bay  
  38  5:33  SCV  
  39  5:38  Marine x3  
  39  5:39  Marine x2  
  44  6:06  Missile Turret  
  44  6:09  SCV, Missile Turret  
  34  6:35  Starport Tech Lab  
  26  7:06  Raven  
  26  7:07  Marine  
  26  7:08  Marine x2  
  26  7:09  Marine x2  
  26  7:12  Hellion x2  
  20  8:00  Marine x3  
Show
View Real Time Build Order
Export as new Build Order

WeaponXV Terran - Winner!

Build Orders: Banshee Rush 

Get SALT Encoding   

  12  0:01  SCV  
  13  0:13  SCV  
  14  0:22  Supply Depot  
  14  0:25  SCV  
  15  0:30  Refinery  
  15  0:44  SCV  
  15  0:48  Barracks  
  16  0:56  SCV  
  17  1:06  Refinery  
  17  1:08  SCV  
  18  1:20  SCV  
  18  1:22  Supply Depot  
  19  1:32  SCV  
  20  1:38  Marine  
  21  1:44  SCV  
  22  1:47  Factory  
  22  1:56  SCV, Marine  
  24  2:23  Orbital Command  
  24  2:37  Starport  
  24  2:41  Starport  
  24  3:00  SCV  
  24  3:05  Supply Depot  
  25  3:15  Starport Tech Lab  
  25  3:20  Supply Depot  
  25  3:22  Starport Tech Lab  
  25  3:25  SCV  
  26  3:35  Banshee  
  26  3:37  SCV  
  26  3:38  Cloaking Field  
  30  3:44  Banshee  
  28  4:26  Banshee  
  28  4:27  Banshee  
  33  4:49  Command Center  
  33  5:12  SCV  
  34  5:24  SCV  
  35  5:50  SCV  
  35  5:55  Raven  
  38  5:57  Marine  
  38  5:59  Factory Tech Lab  
  38  6:02  SCV  
  40  6:14  SCV  
  40  6:15  Marine  
  41  6:38  Banshee  
  41  6:39  Banshee  
  29  7:36  SCV  
  22  7:49  SCV  
  17  8:05  SCV  
  18  8:10  Marine  
  19  8:15  Siege Tank  
  19  8:17  SCV  
  23  8:28  Marine  
  23  8:29  SCV  
  25  8:37  Bunker  
  26  8:41  SCV  
  26  8:46  Marine  
  26  8:47  SCV  
  28  8:53  SCV  
  30  9:03  Marine  
  30  9:05  SCV  
  24  9:20  SCV  
  24  9:21  Marine  
  26  9:31  Barracks  
  26  9:33  SCV  
  24  9:39  Marine  
  24  9:45  SCV  
  26  9:54  Siege Tank  
  26  9:57  SCV, Marine  
  31  10:15  Marine  
  29  10:32  Marine  
Tags
 
Add a new tag
Caveats
  • Supply blocks, unpowered buildings, or Contaminate may cause inaccurate times.
  • Supply counts are checked every 10 seconds.